 Seeded DCSS version 0.31-a0-210-gccc998df9b (webtiles) character file.

Game seed: 8113056780134302019 (custom seed)

3430 innerfire43 the Carver (level 9, -3/73 HPs)
             Began as a Demonspawn Monk on June 30, 2023.
             Was a Follower of Uskayaw.
             Slain by an orc warrior
             ... wielding a +0 glaive
              (16 damage)
             ... in a bailey.
             The game lasted 00:07:49 (5740 turns).

innerfire43 the Carver (Demonspawn Monk)            Turns: 5740, Time: 00:07:50

Health: -3/73      AC: 12    Str: 10    XL:     9   Next: 77%
Magic:  9/9        EV: 13    Int: 12    God:    Uskayaw [*.....]
Gold:   394        SH:  0    Dex: 16    Spells: 8/8 levels left

rFire   + + +        o - +6 scimitar of Kestik {flame, Contam rElec rF++ rC+++}
rCold   + + +        d - orb {light}
rNeg    . . .        K - +2 ring mail {rC+}
rPois   +            g - +0 helmet
rElec   +            s - +0 cloak
rCorr   +            (no gloves)
SInv    .            x - +0 pair of boots
Will    .....        (no amulet)
Stlth   +            e - ring of Huydigaw {Wiz rPois rCorr Str-5 Slay+5}
HPRegen 0.32/turn    l - ring of protection from fire
MPRegen 0.11/turn

%: wizardry (x1)
@: glowing
A: thin metallic scales 1, demonic guardian 1, powered by death 1, demonic touch
2
a: Renounce Religion, Stomp


You were in a bailey.
You worshipped Uskayaw.
Uskayaw was noncommittal.
You visited 2 branches of the dungeon, and saw 8 of its levels.
You also visited: Bailey.

You collected 394 gold pieces.

Inventory:

Hand Weapons
 a - a +0 spear
 o - the +6 scimitar of Kestik (weapon) {flame, Contam rElec rF++ rC+++}
   (You acquired it on level 2 of the Dungeon)

   rF:        It greatly protects you from fire.
   rC:        It renders you almost immune to cold.
   rElec:     It insulates you from electricity.
   Contam:    It causes magical contamination when unequipped.
Armour
 b - a +0 robe
 d - an orb of light (worn)
 g - a +0 helmet (worn)
 j - a +0 tower shield
 s - a +0 cloak (worn)
 x - a +0 pair of boots (worn)
 A - a +1 robe of willpower
 K - a +2 ring mail of cold resistance (worn)
Jewellery
 e - the ring of Huydigaw (left hand) {Wiz rPois rCorr Str-5 Slay+5}
   (You acquired it on level 1 of the Dungeon)

   [ring of wizardry]

   It improves your spell success rate.
   Str:       It affects your strength (-5).
   Slay:      It affects your accuracy & damage with ranged weapons and melee
   (+5).
   rPois:     It protects you from poison.
   rCorr:     It protects you from acid and corrosion.
 k - a ring of see invisible
 l - a ring of protection from fire (right hand)
 m - a ring of ice
 B - a +6 ring of intelligence
 G - a ring of positive energy
Wands
 I - a wand of roots (8)
 M - a wand of polymorph (2)
Scrolls
 f - 2 scrolls of vulnerability
 h - 2 scrolls of fog
 i - 5 scrolls of teleportation
 p - 2 scrolls of amnesia {unknown}
 r - a scroll of enchant weapon
 t - a scroll of torment {unknown}
 C - 2 scrolls of revelation {unknown}
 D - a scroll of fear {unknown}
 E - a scroll of blinking
 L - a scroll of noise {unknown}
Potions
 c - a potion of ambrosia
 n - a potion of degeneration {unknown}
 q - 5 potions of heal wounds
 u - a potion of attraction {unknown}
 v - 4 potions of resistance
 w - 4 potions of haste {unknown}
 z - a potion of enlightenment {unknown}
 F - 2 potions of lignification {unknown}
 H - a potion of curing {unknown}
 J - 2 potions of mutation {unknown}
 N - 3 potions of might {unknown}
 O - 2 potions of cancellation {unknown}
 P - a potion of brilliance {unknown}
 Q - 2 potions of invisibility {unknown}


   Skills:
 + Level 7.7 Fighting
 * Level 8.6 Long Blades
 - Level 3.4 Polearms
 + Level 7.0 Dodging


You had 8 spell levels left.
You didn't know any spells.
Your spell library contained the following spells:

 Spells                   Type           Power      Damage    Failure   Level
 Slow                     Hex            0%         N/A       32%         1
 Ensorcelled Hibernation  Hex/Ice        0%         N/A       45%         2
 Poisonous Vapours        Pois/Air       0%         N/A       45%         2
 Confusing Touch          Hex            0%         N/A       67%         3
 Mephitic Cloud           Conj/Pois/Air  0%         N/A       67%         3
 Spider Form              Tmut/Pois      0%         N/A       67%         3
 Vampiric Draining        Necr           0%         2d6       67%         3
 Anguish                  Hex/Necr       0%         N/A       96%         4
 Animate Dead             Necr           0%         N/A       96%         4
 Borgnjor's Vile Clutch   Necr/Erth      0%         N/A       100%        5
 Freezing Cloud           Conj/Ice/Air   0%         6-21      100%        5
 Death Channel            Necr           0%         N/A       100%        6


Dungeon Overview and Level Annotations

Branches:
Dungeon (7/15)             Temple (1/1) D:6          Bailey (1/1)

Altars:
Ashenzari
Gozag
Hepliaklqana
Kikubaaqudgha
Makhleb
Nemelex Xobeh
Okawaru
Qazlal
Ru
Trog
Uskayaw
Vehumet
Wu Jian
Yredelemnul

Shops:
D:1 ?


Innate Abilities, Weirdness & Mutations

You are partially covered in thin metallic scales. (AC +2)
A weak demonic guardian rushes to your aid.
You regenerate a little health from kills.
Your touch may inflict irresistible damage on your foes.


Message History

You slash the orc warrior! You burn the orc warrior.
You kill the orc warrior!
Things that are here:
a +0 glaive; a +0 plate armour
Items here: ))) [ †.
Okay, then.
Things that are here:
a +0 spear; a +0 chain mail; an orc corpse
Things that are here:
a +0 spear; an orc corpse You open the huge gate. 2 orc warriors come into view.
The orc warrior shouts!
There are monsters nearby!
There is a huge open gate here.
Found 3 scrolls of enchant armour and a scroll of summoning.
The orc warrior misses you.
The orc warrior hits you from afar with a +0 glaive!
An orc knight comes into view. It is wielding a +0 trident.
Found a scroll of enchant weapon and 2 scrolls of enchant armour.
The orc knight shouts!
An orc knight comes into view. It is wielding a +0 halberd.
The orc warrior barely misses you.
The orc knight shouts!
You hit the orc warrior. You burn the orc warrior.
The orc warrior is moderately wounded.
The orc warrior misses you. The orc warrior barely misses you.
You barely miss the orc warrior.
The orc warrior is moderately wounded.
The orc warrior hits you with a +0 glaive!
A demonic guardian appears!
The orc warrior hits you from afar with a +0 glaive!
The orc knight roars a battlecry!
The orcs go into a battle-frenzy!
You hit the orc warrior but do no damage.
The orc warrior is moderately wounded.
The orc warrior hits you with a +0 glaive!!
* * * LOW HITPOINT WARNING * * *
The orc warrior hits you from afar with a +0 glaive!
You die...

#..))...#
#.)#)#..#
#...))..#
#.......#
#.......#
##.....##
#'''''#
##.....##
#..o@...#
#.5...o.#
#.......#
#.......#
#...o...#
#.....o.#
#..???..#
#..???..#


You could see 2 orc knights, 2 orc warriors and a friendly iron imp (summoned).

Vanquished Creatures
  Grinder (D:3)
  Sigmund (D:6)
  A wyvern (D:7)
  A water moccasin (D:5)
  2 black bears
  3 orc warriors (Bailey)
  3 ice beasts
  2 sky beasts
  2 ogres (D:5)
  A gnoll sergeant (D:6)
  A scorpion (D:6)
  13 wights
  3 howler monkeys
  2 hounds
  A gnoll bouda (D:7)
  2 jellies
  8 iguanas
  13 gnolls
  10 adders
  A shadow imp (D:7)
  A white imp (D:6)
  An ufetubus (D:5)
  2 worms (D:2)
  4 dart slugs
  26 orcs
  10 bats
  6 endoplasms
  5 giant cockroaches
  10 goblins
  A hobgoblin (D:3)
  6 kobolds
  2 quokkas
  9 ball pythons
  A frilled lizard (D:3)
  3 rats
158 creatures vanquished.

Vanquished Creatures (collateral kills)
  An orc warrior (Bailey)
  An orc (Bailey)
2 creatures vanquished.

Grand Total: 160 creatures vanquished

Notes
Turn   | Place    | Note
-------+----------+-------------------------------------------
     0 | D:1      | innerfire43 the Demonspawn Monk began the quest for the
                  | Orb.
     0 | D:1      | Reached XP level 1. HP: 18/18 MP: 1/1
    61 | D:1      | Gained mutation: Your touch may inflict minor irresistible
                  | damage on your foes. [demonic ancestry]
    61 | D:1      | Reached XP level 2. HP: 21/24 MP: 2/2
   132 | D:1      | Identified a scroll of acquirement
   132 | D:1      | Acquired the ring of Huydigaw {Wiz rPois rCorr Str-5
                  | Slay+5}
   214 | D:1      | Reached XP level 3. HP: 29/29 MP: 3/3
   289 | D:1      | Found Ponycs's Magic Scroll Shop.
   577 | D:2      | Gained mutation: You are partially covered in thin metallic
                  | scales. (AC +2) [demonic ancestry]
   577 | D:2      | Reached XP level 4. HP: 32/37 MP: 4/4
  1053 | D:2      | Acquired the +6 scimitar of Kestik {flame, Contam rElec
                  | rF++ rC+++}
  1518 | D:3      | Reached skill level 1 in Long Blades
  1533 | D:3      | Noticed Grinder
  1533 | D:3      | Paralysed by Grinder for 5 turns
  1542 | D:3      | Paralysed by Grinder for 2 turns
  1544 | D:3      | Killed Grinder
  1545 | D:3      | Reached skill level 2 in Long Blades
  1545 | D:3      | Gained mutation: Your touch may inflict irresistible damage
                  | on your foes. [demonic ancestry]
  1545 | D:3      | Reached XP level 5. HP: 23/43 MP: 5/5
  1545 | D:3      | Reached XP level 6. HP: 26/49 MP: 6/6
  2025 | D:4      | Reached skill level 3 in Long Blades
  2219 | D:4      | Found an ancient bone altar of Kikubaaqudgha.
  2827 | D:5      | Entered Level 5 of the Dungeon
  2901 | D:5      | Noticed a water moccasin
  2906 | D:5      | Killed a water moccasin
  2907 | D:5      | Reached skill level 5 in Fighting
  2907 | D:5      | Gained mutation: A weak demonic guardian rushes to your
                  | aid. [demonic ancestry]
  2907 | D:5      | Reached XP level 7. HP: 43/56 MP: 7/7
  3063 | D:5      | Reached skill level 4 in Long Blades
  3094 | D:5      | Found a hazy altar of Hepliaklqana.
  3310 | D:5      | Reached skill level 5 in Dodging
  3338 | D:5      | Reached skill level 5 in Long Blades
  3338 | D:5      | Gained mutation: You regenerate a little health from kills.
                  | [demonic ancestry]
  3338 | D:5      | Reached XP level 8. HP: 64/64 MP: 8/8
  3620 | D:6      | Reached skill level 6 in Long Blades
  3770 | D:6      | Found a radiant altar of Vehumet.
  3856 | D:6      | Found a staircase to the Ecumenical Temple.
  4040 | Temple   | Entered the Ecumenical Temple
  4168 | Temple   | Became a worshipper of Uskayaw the Reveller
  4168 | Temple   | Reached * piety under Uskayaw
  4198 | D:6      | Reached ** piety under Uskayaw
  4199 | D:6      | Reached skill level 7 in Long Blades
  4199 | D:6      | Reached XP level 9. HP: 71/71 MP: 9/9
  4477 | D:6      | Noticed Sigmund
  4484 | D:6      | Killed Sigmund
  4619 | D:7      | Reached *** piety under Uskayaw
  4626 | D:7      | Reached **** piety under Uskayaw
  4632 | D:7      | Reached ***** piety under Uskayaw
  4740 | D:7      | Found a broken altar of Ashenzari.
  4946 | D:7      | Reached skill level 8 in Long Blades
  4992 | D:7      | Found a flagged portal.
  5051 | D:7      | Found an ornate altar of the Wu Jian Council.
  5303 | Bailey   | Entered a bailey
  5737 | Bailey   | Noticed an orc knight
  5737 | Bailey   | Noticed an orc knight
  5740 | Bailey   | Slain by an orc warrior

Illustrated notes

Levels and vault maps discovered:
D:1:      roderic_crossed_star, layout_rooms, serial_shops, nicolae_diamond_shop
D:2:      layout_loops_cross
D:3:      layout_basic, uniq_grinder
D:4:      layout_basic, zin_academy, kennysheep_mini
D:5:      layout_basic, kennysheep_mini_moat, grunt_decor_one_mirror,
          kennysheep_generic_room_9
D:6:      layout_loops_ring, vehumet_crystals, minmay_temple_entry_stoned_glass,
          uniq_sigmund
D:7:      layout_rooms, evilmike_ruin_ashenzari, lemuel_coloured_pillars_altar,
          enter_bailey_5
Temple:   bh_familiar_temple
Bailey:   bailey_polearm_5, bailey

Skill      XL: |  1  2  3  4  5  6  7  8  9 |
---------------+----------------------------+-----
Polearms       | 3 |  3.4
Dodging        | 3 4 5 6 7 |  7.0
Fighting       | 4 5 6 7 |  7.7
Long Blades    | 2 3 5 7 8 |  8.6

Action                     |  1- 3 |  4- 6 |  7- 9 || total
---------------------------+-------+-------+-------++-------
  Melee: Spear             |    56 |    28 |       ||    84
         Scimitar          |       |    62 |   180 ||   242
    Use: Scroll            |     1 |     2 |     5 ||     8
         Potion            |       |       |     1 ||     1
   Stab: Paralysed         |       |       |     5 ||     5
 Armour: Robe              |     7 |    19 |    32 ||    58
         Ring mail         |       |       |    33 ||    33
  Dodge: Dodged            |    21 |    63 |   187 ||   271

Table legend: (Time is in decaauts)
 A = Elapsed time spent in this place.
 B = Non-inter-level travel time spent in this place.
 C = Inter-level travel time spent in this place.
 D = Time resting spent in this place.
 E = Time spent auto-exploring this place.
 F = Levels seen in this place.
 G = Mean time per level.
                   A        B        C        D        E       F      G
               +--------+--------+--------+--------+--------+-----+--------+
         Total |   5766 |   5477 |    289 |      0 |   4544 |   9 |  640.7 |
       Dungeon |   5184 |   4924 |    260 |      0 |   4095 |   7 |  740.6 |
        Temple |    145 |    116 |     29 |      0 |    112 |   1 |  145.0 |
        Bailey |    436 |    436 |      0 |      0 |    337 |   1 |  436.0 |
               +--------+--------+--------+--------+--------+-----+--------+

Top non-repeatable levels by time:
     D:4: 1006 daAuts
     D:6: 910 daAuts
     D:2: 811 daAuts
     D:5: 736 daAuts
     D:7: 699 daAuts
     D:3: 522 daAuts
     D:1: 497 daAuts
  Bailey: 436 daAuts
  Temple: 145 daAuts
